Map: Para Site LE

Players

MeTaLisK

  • Race: Terran Terran
  • Spawn Location: 5:00

CaiShen

  • Race: Terran Terran
  • League: Diamond
  • Spawn Location: 11:00

Ryan

  • Race: Zerg Zerg

Kojkoloo

  • Race: Zerg Zerg
  • League: Master

VOD

Have the link to the VOD?

Description

Time

  • Played on: Dec. 14, 2018, 5 p.m.
  • Length: 18:51
Show
View Real Time Build Order
Export as new Build Order

MeTaLisK Terran 

Build Orders: Hellion Opening, Mech 

Get SALT Encoding   

  12  0:01  SCV  
  13  0:13  SCV  
  14  0:17  Supply Depot  
  14  0:25  SCV  
  15  0:29  Refinery  
  15  0:38  SCV  
  16  0:45  Barracks  
  16  0:50  SCV  
  17  1:03  SCV  
  18  1:15  SCV  
  19  1:31  Orbital Command  
  20  1:32  Reaper  
  20  1:46  Command Center  
  20  1:58  SCV  
  20  2:00  Factory  
  21  2:05  Marine  
  22  2:12  Supply Depot  
  22  2:14  SCV  
  23  2:20  Refinery  
  23  2:34  SCV, Barracks Reactor  
  24  2:44  Starport  
  24  2:46  SCV  
  25  2:57  Orbital Command  
  25  2:59  SCV  
  26  3:11  SCV  
  27  3:14  Hellion  
  27  3:15  Hellion  
  31  3:22  Fusion Core  
  31  3:26  Starport Tech Lab  
  31  3:28  SCV  
  31  3:33  SCV  
  33  3:36  Hellion x2  
  37  3:45  SCV  
  37  3:48  SCV, Refinery  
  39  3:54  Supply Depot  
  39  3:57  SCV, Hellion  
  39  3:58  Hellion  
  44  4:16  Battlecruiser  
  50  4:17  SCV  
  50  4:18  SCV, Supply Depot  
  50  4:23  Hellion  
  54  4:37  Supply Depot  
  54  4:39  SCV x2  
  56  4:45  Weapon Refit  
  56  4:49  Supply Depot  
  56  4:51  SCV  
  57  4:55  SCV  
  58  5:02  Command Center  
  58  5:11  SCV x2  
  60  5:20  Battlecruiser  
  66  5:23  SCV  
  66  5:28  Hellion x2  
  71  5:29  Factory  
  71  5:41  SCV  
  71  5:42  SCV  
  73  5:43  Refinery  
  73  5:49  Hellion x2  
  77  5:53  SCV  
  78  6:14  SCV x2, Hellion  
  78  6:17  Orbital Command  
  76  6:24  Battlecruiser  
  82  6:26  SCV  
  82  6:27  Factory Tech Lab  
  82  6:29  Command Center  
  82  6:30  SCV  
  84  6:38  SCV  
  85  6:42  SCV  
  85  6:44  Supply Depot x2  
  85  6:46  Hellion x2  
  86  6:49  Siege Tank  
  86  6:51  Orbital Command  
  81  6:54  SCV  
  74  7:07  Refinery  
  74  7:08  Refinery  
  74  7:15  Supply Depot, Hellion  
  75  7:16  Hellion  
  75  7:18  SCV  
  76  7:28  Battlecruiser  
  82  7:30  SCV, Siege Tank  
  82  7:31  SCV  
  82  7:32  SCV  
  88  7:39  Factory  
  88  7:40  Supply Depot  
  88  7:43  Factory  
  88  7:44  SCV  
  89  7:53  SCV x2  
  91  7:59  SCV  
  91  8:02  Hellion x2  
  91  8:03  Factory, Siege Tank  
  97  8:18  SCV x3  
  100  8:23  Engineering Bay  
  100  8:26  Infernal Pre-Igniter  
  100  8:28  Factory Tech Lab  
  100  8:31  Factory Tech Lab  
  100  8:33  SCV x2, Battlecruiser  
  109  8:35  SCV  
  110  8:45  SCV x2  
  110  8:47  SCV  
  112  8:49  Siege Tank x2, Starport  
  118  8:59  Planetary Fortress  
  118  9:05  SCV x3  
  118  9:08  Mag-Field Accelerator  
  121  9:11  Hellion x2  
  121  9:16  Refinery  
  125  9:17  SCV x3  
  125  9:19  Supply Depot, Refinery  
  125  9:21  Supply Depot  
  125  9:23  Factory Tech Lab  
  128  9:26  Armory  
  128  9:28  Armory  
  128  9:29  SCV  
  129  9:42  Hellion x2  
  129  9:44  Hellion  
  135  9:48  SCV  
  135  9:49  SCV  
  137  9:53  Starport Tech Lab  
  137  9:56  SCV x2  
  139  10:00  SCV  
  139  10:01  SCV  
  139  10:02  Missile Turret  
  139  10:03  Missile Turret  
  141  10:08  SCV  
  141  10:10  Missile Turret x3  
  141  10:11  Widow Mine  
  144  10:15  Terran Vehicle Weapons Level 1  
  144  10:17  Terran Ship Weapons Level 1  
  144  10:22  Supply Depot  
  144  10:24  Supply Depot  
  144  10:25  Cyclone, Supply Depot  
  147  10:32  SCV  
  148  10:42  Cyclone  
  145  10:43  Battlecruiser  
  145  10:44  Drilling Claws  
  145  10:45  Battlecruiser  
  157  10:51  Supply Depot  
  157  10:52  Supply Depot  
  157  11:02  Cyclone  
  157  11:04  Supply Depot  
  160  11:08  Supply Depot  
  160  11:25  Command Center  
  160  11:29  Cyclone x2  
  160  11:30  Cyclone  
  169  11:35  Cyclone  
  172  11:46  Widow Mine  
  174  11:48  Smart Servos, Battlecruiser  
  174  11:53  Factory  
  180  11:54  Missile Turret  
  180  11:57  Missile Turret  
  180  12:01  Cyclone x2  
  183  12:02  Missile Turret  
  183  12:03  Missile Turret  
  182  12:14  Battlecruiser  
  162  12:27  Missile Turret  
  148  12:43  Widow Mine x2  
  152  12:47  Refinery  
  152  12:50  Missile Turret  
  146  12:54  SCV x4  
  150  13:05  Planetary Fortress  
  150  13:06  SCV x4  
  154  13:13  Terran Vehicle Weapons Level 2  
  154  13:14  Terran Ship Weapons Level 2  
  154  13:18  SCV x4, Battlecruiser  
  154  13:19  Cyclone x2, Widow Mine x2  
  178  13:20  Widow Mine x2  
  178  13:30  SCV x3  
  178  13:31  SCV  
  182  13:37  Starport  
  182  13:39  Hi-Sec Auto Tracking  
  182  13:40  Factory Tech Lab  
  182  13:41  Widow Mine x4  
  190  13:42  SCV x2  
  190  13:43  SCV x2  
  194  13:50  Refinery  
  194  13:51  Missile Turret, Thor  
  200  14:01  Barracks  
  200  14:02  Barracks  
  187  14:04  Barracks  
  187  14:05  Barracks  
  181  14:10  Missile Turret  
  181  14:11  Barracks  
  181  14:12  Ghost Academy  
  181  14:14  Ghost Academy  
  181  14:19  Widow Mine x2  
  181  14:20  Ghost Academy, Widow Mine  
  181  14:21  Ghost Academy  
  181  14:23  Widow Mine x2  
  191  14:25  Widow Mine  
  193  14:34  Hellion  
  193  14:36  Neosteel Armor  
  189  14:41  Hellion x2  
  189  14:42  Hellion  
  189  14:44  Widow Mine  
  189  14:45  Widow Mine  
  193  14:46  Widow Mine  
  192  14:55  Widow Mine  
  194  15:03  Cyclone, Battlecruiser  
  194  15:05  Starport Tech Lab  
  200  15:24  Barracks Tech Lab x4  
  200  15:25  Barracks Tech Lab  
  200  15:33  Missile Turret  
  200  15:44  Terran Vehicle Weapons Level 3  
  200  15:45  Terran Ship Weapons Level 3  
  200  15:51  Command Center  
  200  15:55  Command Center  
  200  15:57  Missile Turret  
  200  15:58  Command Center  
  194  16:13  Battlecruiser  
  198  16:19  Missile Turret  
  198  16:20  Ghost  
  194  16:33  Battlecruiser  
  184  16:51  Hellion  
  184  16:52  Hellion x4  
  188  17:00  Starport  
  177  17:01  Ghost x3  
  177  17:02  Ghost x2  
  183  17:10  Cyclone x2  
  183  17:13  Cyclone  
  183  17:14  Cyclone x2  
  196  17:18  Planetary Fortress  
  196  17:22  Missile Turret  
  196  17:26  Planetary Fortress  
  196  17:30  Ghost x2  
  196  17:33  Planetary Fortress  
  200  17:39  Nuke  
  200  17:40  Nuke x2  
  200  17:42  Missile Turret  
  200  17:45  Refinery  
  200  17:48  Refinery  
  200  17:59  Factory Reactor  
  200  18:04  Missile Turret  
  200  18:11  Ghost  
  200  18:22  Missile Turret  
  191  18:42  Missile Turret, Refinery  
  191  18:45  Refinery  
Show
View Real Time Build Order
Export as new Build Order

CaiShen Terran 

Build Orders:  

Get SALT Encoding   

  12  0:01  Drone  
  13  0:14  Overlord  
  14  0:21  Drone  
  14  0:32  Drone x2  
  16  0:50  Hatchery  
  16  0:52  Drone  
  16  0:56  Drone  
  17  1:00  Drone  
  18  1:06  Extractor  
  17  1:14  Spawning Pool  
  17  1:17  Drone  
  17  1:21  Drone  
  18  1:29  Drone  
  19  1:39  Overlord  
  19  2:00  Drone  
  20  2:02  Queen  
  20  2:03  Queen, Zergling x4  
  26  2:09  Metabolic Boost  
  26  2:13  Drone  
  26  2:15  Drone  
  28  2:23  Drone  
  28  2:28  Drone  
  30  2:34  Drone  
  31  2:42  Queen  
  33  2:49  Drone x2  
  35  2:55  Overlord  
  35  2:56  Hatchery  
  34  3:03  Drone  
  35  3:16  Drone  
  35  3:17  Drone x5  
  35  3:18  Overlord  
  41  3:24  Drone  
  42  3:31  Drone x2  
  42  3:33  Roach Warren  
  43  3:43  Zergling x4  
  43  3:44  Zergling x2  
  43  3:47  Lair  
  46  3:49  Extractor  
  46  3:51  Extractor  
  46  3:54  Overlord  
  44  3:59  Overlord  
  44  4:03  Drone x2  
  44  4:04  Drone  
  44  4:05  Drone x3  
  50  4:12  Drone  
  50  4:16  Drone x4  
  54  4:18  Evolution Chamber  
  54  4:19  Overlord  
  54  4:20  Queen  
  54  4:25  Overlord  
  54  4:26  Drone  
  54  4:30  Roach  
  54  4:31  Roach  
  58  4:34  Roach, Extractor  
  58  4:35  Roach  
  61  4:39  Overlord  
  61  4:41  Roach  
  61  4:43  Roach  
  65  4:49  Zerg Missile Weapons Level 1  
  65  4:56  Spore Crawler  
  65  4:58  Drone x2  
  65  4:59  Zergling x4  
  68  5:04  Drone x3, Zergling x4  
  72  5:09  Queen  
  74  5:24  Drone, Baneling Nest  
  74  5:25  Evolution Chamber  
  74  5:26  Roach x4  
  81  5:29  Overlord  
  81  5:37  Spore Crawler  
  78  5:47  Spore Crawler x2  
  78  5:49  Drone  
  76  5:50  Drone x4  
  76  5:51  Queen  
  77  5:58  Drone x5  
  77  6:00  Roach  
  77  6:03  Drone  
  85  6:04  Drone  
  85  6:11  Drone x3  
  86  6:20  Zerg Melee Weapons Level 1  
  86  6:21  Glial Reconstitution  
  86  6:23  Drone x3  
  89  6:33  Overlord x3  
  89  6:41  Spire  
  89  6:42  Drone x2  
  89  6:47  Spore Crawler  
  71  6:55  Drone  
  71  6:56  Drone x5  
  72  7:01  Drone x2  
  72  7:02  Drone x4  
  72  7:05  Queen, Drone  
  72  7:07  Queen  
  83  7:11  Drone x2  
  83  7:13  Drone  
  84  7:16  Zerg Missile Weapons Level 2  
  84  7:18  Drone  
  84  7:19  Extractor  
  80  7:27  Zergling x10  
  79  7:32  Spore Crawler  
  79  7:33  Spore Crawler  
  79  7:34  Spore Crawler  
  79  7:36  Drone x2, Spore Crawler  
  79  7:37  Drone, Spore Crawler  
  75  7:53  Zerg Flyer Armor Level 1  
  75  7:54  Corruptor  
  75  7:55  Corruptor x3  
  75  7:56  Corruptor  
  83  8:00  Corruptor  
  83  8:02  Drone  
  83  8:03  Drone  
  84  8:25  Drone x3, Extractor  
  86  8:28  Roach x4  
  86  8:29  Roach x4  
  86  8:31  Hatchery  
  101  8:36  Centrifical Hooks  
  101  8:39  Drone x3  
  104  8:45  Corruptor x2  
  104  8:46  Zergling x8  
  113  9:00  Overlord  
  113  9:05  Hatchery  
  113  9:08  Queen  
  106  9:15  Queen  
  106  9:18  Queen, Drone  
  106  9:19  Overlord  
  106  9:20  Drone x5  
  112  9:41  Baneling x3  
  112  9:42  Baneling  
  112  9:44  Queen  
  114  9:48  Extractor  
  114  9:51  Queen, Extractor, Overlord x4  
  114  9:52  Baneling x4, Overlord x2  
  114  9:54  Queen  
  116  10:02  Infestation Pit  
  115  10:12  Roach x11  
  137  10:16  Spine Crawler  
  137  10:20  Drone x2  
  136  10:23  Zerg Flyer Armor Level 2  
  136  10:25  Corruptor x2  
  136  10:27  Overseer  
  135  10:36  Corruptor x2  
  126  10:51  Corruptor x4  
  130  10:57  Drone x3  
  130  11:02  Infestor  
  130  11:03  Corruptor  
  133  11:08  Drone x4  
  137  11:13  Queen  
  137  11:16  Queen  
  137  11:18  Drone x2  
  143  11:20  Drone  
  144  11:30  Hive  
  144  11:35  Drone x3  
  147  11:40  Hydralisk Den  
  147  11:45  Roach x5  
  147  11:46  Roach  
  158  11:50  Spore Crawler  
  158  11:51  Spore Crawler  
  158  11:53  Spore Crawler  
  155  11:54  Spore Crawler  
  155  11:55  Spore Crawler  
  147  12:09  Mutalisk x2  
  147  12:10  Mutalisk, Drone x2  
  147  12:11  Hydralisk x2  
  147  12:12  Hydralisk x5  
  158  12:28  Drone x8  
  142  12:42  Hydralisk x6  
  150  12:49  Drone x5  
  155  12:54  Zerg Missile Weapons Level 3  
  155  13:06  Greater Spire  
  155  13:12  Hatchery  
  154  13:16  Roach x3  
  154  13:17  Overlord x3  
  160  13:20  Extractor  
  160  13:24  Extractor  
  158  13:39  Grooved Spines  
  158  13:41  Zerg Ground Armor Level 1  
  158  13:43  Adrenal Glands  
  158  13:45  Overlord x2  
  158  13:46  Queen x3  
  158  13:48  Drone x2  
  166  14:02  Roach x9  
  140  14:14  Hydralisk x6  
  148  14:23  Brood Lord  
  148  14:25  Brood Lord  
  148  14:28  Brood Lord  
  146  14:45  Corruptor x3  
  120  14:46  Corruptor x3  
  109  14:54  Corruptor x3  
  100  15:05  Corruptor x2  
  100  15:06  Corruptor  
  103  15:22  Drone x6  
  109  15:32  Corruptor  
  109  15:33  Corruptor x3  
  117  15:37  Drone x5  
  122  15:46  Overseer x3  
  122  15:55  Pneumatized Carapace  
  121  15:58  Drone  
  121  15:59  Drone  
  123  16:04  Zerg Flyer Armor Level 3  
  123  16:10  Zergling x14  
  130  16:19  Brood Lord  
  130  16:22  Hatchery  
  131  16:31  Drone  
  129  16:35  Corruptor  
  129  16:36  Corruptor x2  
  117  17:02  Corruptor x2  
  117  17:03  Corruptor x3  
  117  17:04  Zergling x10  
  128  17:13  Overlord x2  
  128  17:14  Overlord x2  
  128  17:34  Roach  
  128  17:35  Roach x13  
  155  17:40  Overseer  
  155  17:41  Extractor x2  
  155  17:42  Overseer  
  153  17:48  Overlord x2  
  153  17:55  Drone  
  154  17:59  Drone  
  156  18:12  Drone  
  156  18:14  Drone x4  
  156  18:18  Baneling  
  156  18:19  Baneling x9  
  160  18:22  Hatchery  
  159  18:35  Hydralisk Den  
  153  18:44  Ravager x3  
  153  18:45  Ravager x2  
Show
View Real Time Build Order
Export as new Build Order

Ryan Zerg 

Build Orders:  

Get SALT Encoding   

Show
View Real Time Build Order
Export as new Build Order

Kojkoloo Zerg 

Build Orders:  

Get SALT Encoding   

Tags
 
Add a new tag
Caveats
  • Supply blocks, unpowered buildings, or Contaminate may cause inaccurate times.
  • Supply counts are checked every 10 seconds.